 Dungeon Crawl Stone Soup version 0.25.1-2-g60ff931df9 (webtiles) character file.

Game seed: 5846047856817569559

898 lepoulpe303 the Skirmisher (level 7, -4/63 HPs)
             Began as a White Draconian Hunter on Oct 1, 2020.
             Slain by a gnoll
             ... wielding a +0 spear
              (5 damage)
             ... on level 5 of the Dungeon.
             The game lasted 00:16:31 (4370 turns).

lepoulpe303 the Skirmisher (White Draconian Hunter) Turns: 4370, Time: 00:16:32

Health: -4/63      AC: 10    Str: 16    XL:     7   Next: 79%
Magic:  7/7        EV: 13    Int: 11    God:
Gold:   375        SH:  0    Dex: 12    Spells: 6/6 levels left

rFire    . . .     SeeInvis .   b - +2 quarterstaff (chaos)
rCold    + . .     Gourm    .   (shield currently unavailable)
rNeg     . . .     Faith    .   (armour unavailable)
rPois    .         Spirit   .   (helmet restricted)
rElec    .         Reflect  .   c - +0 cloak
rCorr    .         Harm     .   (no gloves)
MR       .....                  n - +2 pair of boots
Stlth    +.........             (no amulet)
HPRegen  0.20/turn              (no ring)
MPRegen  0.10/turn              (no ring)

@: about to teleport
A: breathe frost, unfitting armour, cold resistance 1, cold-blooded, AC +6
a: Breathe Frost


You were on level 5 of the Dungeon.
You were not hungry.

You visited 1 branch of the dungeon, and saw 5 of its levels.

You collected 375 gold pieces.

Inventory:

Hand Weapons
 a - a +1 shortbow
 b - a +2 quarterstaff of chaos (weapon)
 o - a +0 short sword
 s - a +2 whip of venom
Missiles
 Q - 10 arrows
Armour
 c - a +0 cloak (worn)
 n - a +2 pair of boots (worn)
 z - a cursed +0 pair of gloves
Scrolls
 g - 4 scrolls of enchant armour {unknown}
 i - 5 scrolls of identify
 j - a scroll of enchant weapon {unknown}
 k - 2 scrolls of amnesia {unknown}
 l - a scroll of immolation {unknown}
 m - 3 scrolls of remove curse {unknown}
 r - a scroll of magic mapping {unknown}
 t - 3 scrolls of teleportation
 u - a scroll of fear {unknown}
 v - 2 scrolls of random uselessness {unknown}
 x - a scroll of noise {unknown}
 y - a scroll of blinking {unknown}
Potions
 d - a potion of lignification {unknown}
 h - a potion of magic {unknown}
 p - 3 potions of degeneration {!q}
 q - 2 potions of curing
 w - a potion of stabbing {unknown}
Comestibles
 e - 8 rations
 f - 4 chunks of flesh


   Skills:
 * Level 6.0 Fighting
 - Level 3.0 Maces & Flails
 * Level 0.5(1.9) Staves
 * Level 6.0 Bows
 + Level 3.7 Dodging
 - Level 0.8 Stealth


You had 6 spell levels left.
You didn't know any spells.
Your spell library was empty.

Dungeon Overview and Level Annotations

Branches:
Dungeon (5/15)
 Temple: D:4-7

Altars:
Xom

Shops:
D:4 (


Innate Abilities, Weirdness & Mutations

You can breathe waves of freezing cold.
You can buffet flying creatures when you breathe cold.
Your icy white scales are hard. (AC +6)
You cannot fit into any form of body armour.
Your flesh is cold resistant. (rC+)
You are cold-blooded and may be slowed by cold attacks.


Message History

The centaur shoots an arrow.
The arrow hits you but does no damage.
You take 1 damage, and have 32/63 hp.
As you read the scroll labeled FIR RAUCUYM, it crumbles to dust.
You feel strangely unstable.
It was a scroll of teleportation.
t - 3 scrolls of teleportation;
c - a +0 cloak (worn)
The centaur shoots an arrow.
The arrow hits you.
* * * LOW HITPOINT WARNING * * *
x2 The gnoll hits you from afar with a +0 spear!
* * * LOW HITPOINT WARNING * * *
The gnoll misses you.
You take 15 damage, and have 17/63 hp.
MASSIVE DAMAGE!!
You hit something but do no damage. You tail-slap something.
The gnoll hits you.
* * * LOW HITPOINT WARNING * * *
The centaur shoots an arrow.
The arrow hits you!
* * * LOW HITPOINT WARNING * * *
x2 The gnoll hits you from afar with a +0 spear.
You die...

..............# #.##
..................###.##
....................#...
..................#.####
...........c........###.
......(...........#.#...
....................#.#.
..................#...#.
.......@..........#####.
.?.....g(.........# #.
.....gg...........# #.
......Z...........# ##
..................#
..................#
.........$........#
..................
F...............


You could see a centaur, 3 gnolls and a hound zombie.

Levels and vault maps discovered:
D:1:      erik_arrival_cave_to_civilisation [erik_arrival_cave_to_temple],
          layout_basic, xom_teletrap_fun
D:2:      layout_rooms, grunt_decor_mini_mirrors
D:3:      layout_rooms, first_ration, serial_bayou_ford_a, st_stairs_14,
          uniq_robin, uniq_crazy_yiuf_cottage, uniq_grinder, uniq_natasha
D:4:      layout_cave_pools, serial_shops, shop_fountains
D:5:      layout_basic

Notes
Turn   | Place    | Note
-------+----------+-------------------------------------------
     0 | D:1      | lepoulpe303 the Draconian Hunter began the quest for the
                  | Orb.
     0 | D:1      | Reached XP level 1. HP: 17/17 MP: 1/1
    18 | D:1      | Identified a +0 short sword
   162 | D:1      | Identified a cursed +0 club
   220 | D:1      | Reached XP level 2. HP: 13/25 MP: 2/2
   438 | D:1      | Reached skill level 2 in Dodging
   584 | D:1      | Found a shimmering altar of Xom.
   926 | D:1      | Identified a +0 club
   926 | D:1      | Identified a +0 club
   926 | D:1      | Identified a +0 dagger
   926 | D:1      | Identified a +0 short sword
   926 | D:1      | Identified a +0 dagger
   927 | D:1      | Identified a +0 club
  1106 | D:2      | Identified a +0 club
  1169 | D:2      | Identified a +0 dagger
  1174 | D:2      | Identified a cursed -2 short sword
  1175 | D:2      | Identified a cursed +0 dagger
  1188 | D:2      | Reached skill level 4 in Bows
  1239 | D:2      | Reached skill level 3 in Fighting
  1245 | D:2      | Reached XP level 3. HP: 23/31 MP: 3/3
  1338 | D:2      | Identified a +2 pair of boots (You found it on level 2 of
                  | the Dungeon)
  1373 | D:2      | Identified a +2 whip of venom
  1391 | D:2      | HP: 7/31 [poisoned by a kobold]
  1395 | D:2      | HP: 2/31 [poisoned by a kobold]
  1396 | D:2      | Identified a potion of curing
  1943 | D:3      | Noticed a scorpion
  1945 | D:3      | Identified a +1 shortbow
  1961 | D:3      | Killed a scorpion
  1961 | D:3      | Reached XP level 4. HP: 32/39 MP: 4/4
  2003 | D:3      | Reached skill level 1 in Maces & Flails
  2100 | D:3      | Reached XP level 5. HP: 40/46 MP: 5/5
  2136 | D:3      | Noticed Grinder
  2145 | D:3      | HP: 10/46 [Grinder (4)]
  2151 | D:3      | Paralysed by Grinder for 4 turns
  2161 | D:3      | HP: 10/46 [Grinder (3)]
  2162 | D:3      | Killed Grinder
  2162 | D:3      | Reached skill level 4 in Fighting
  2162 | D:3      | Reached skill level 2 in Maces & Flails
  2162 | D:3      | Reached skill level 5 in Bows
  2162 | D:3      | Reached XP level 6. HP: 6/53 MP: 6/6
  2463 | D:3      | Identified a +0 club
  2463 | D:3      | Noticed Natasha
  2463 | D:3      | Identified a +0 dagger
  2465 | D:3      | Identified a +0 club
  2465 | D:3      | Identified a +0 club
  2465 | D:3      | Identified a +0 dagger
  2491 | D:3      | Killed Natasha
  2491 | D:3      | Reached skill level 3 in Dodging
  2493 | D:3      | Noticed Natasha
  2505 | D:3      | Killed Natasha
  2524 | D:3      | Identified a +0 dagger
  2524 | D:3      | Identified a +0 animal skin
  2524 | D:3      | Identified a cursed -2 helmet
  2524 | D:3      | Noticed Robin
  2542 | D:3      | Identified a cursed +0 club
  2543 | D:3      | Killed Robin
  2543 | D:3      | Identified a +0 dagger
  2543 | D:3      | Identified a +0 hunting sling
  2744 | D:3      | Identified a +2 hunting sling of freezing
  2744 | D:3      | Identified a +0 dagger
  2847 | D:3      | Noticed Natasha
  2869 | D:3      | Killed Natasha
  2869 | D:3      | Reached skill level 5 in Fighting
  2914 | D:3      | Identified a +0 club
  2983 | D:3      | Identified a +0 short sword
  3049 | D:3      | Found a runed translucent door.
  3050 | D:3      | Identified a +2 quarterstaff of chaos
  3050 | D:3      | Identified a +0 cloak
  3050 | D:3      | Noticed Crazy Yiuf
  3076 | D:3      | Killed Crazy Yiuf
  3349 | D:4      | Identified a +0 trident
  3381 | D:4      | Identified a +0 giant club
  3390 | D:4      | Your scales start taking on an icy white colour.
  3390 | D:4      | Reached XP level 7. HP: 61/61 MP: 7/7
  3390 | D:4      | Gained mutation: Your flesh is cold resistant. (rC+) [White
                  | Draconian growth]
  3397 | D:4      | Found Epton's Antique Weapon Boutique.
  3891 | D:4      | Reached skill level 3 in Maces & Flails
  4163 | D:5      | Entered Level 5 of the Dungeon
  4176 | D:5      | Identified a cursed -1 hand axe
  4176 | D:5      | Identified a +0 ring mail
  4176 | D:5      | Identified a +0 morningstar
  4176 | D:5      | Identified a +0 leather armour
  4222 | D:5      | Reached skill level 6 in Fighting
  4329 | D:5      | Identified a +0 short sword
  4329 | D:5      | Identified a +0 leather armour
  4362 | D:5      | Reached skill level 6 in Bows
  4363 | D:5      | Identified a +0 halberd
  4363 | D:5      | Identified a +0 spear
  4364 | D:5      | Identified a +2 vorpal shortbow
  4368 | D:5      | Identified 6 scrolls of identify
  4368 | D:5      | Identified 3 potions of degeneration
  4369 | D:5      | Identified 4 scrolls of teleportation
  4370 | D:5      | HP: 3/63 [centaur/arrow (13)]
  4370 | D:5      | HP: 1/63 [centaur/arrow (2)]
  4370 | D:5      | Slain by a gnoll

Table legend:
 A = Turns spent in this place as a percentage of turns spent in the entire game.
 B = Non-inter-level travel turns spent in this place as a percentage of non-inter-level travel turns spent in the entire game.
 C = Inter-level travel turns spent in this place as a percentage of turns spent in this place.
 D = Turns resting spent in this place as a percentage of non-inter-level travel turns spent in this place.
 E = Turns spent auto-exploring this place as a percentage of non-inter-level travel turns spent in this place.
 F = Non-inter-level travel turns spent in this place divided by the number of levels of this place that you've seen.
                   A       B       C       D       E      F
               +-------+-------+-------+-------+-------+----------------------
         Total | 100.0 | 100.0 |   4.0 |  30.9 |  48.8 | 839.2
       Dungeon | 100.0 | 100.0 |   4.0 |  30.9 |  48.8 | 839.2
               +-------+-------+-------+-------+-------+----------------------

Table legend:
 A = Kills in this place as a percentage of kills in entire the game.
 B = Kills by you in this place as a percentage of kills by you in the entire game.
 C = Kills by friends in this place as a percentage of kills by friends in the entire game.
 D = Other kills in this place as a percentage of other kills in the entire game.
 E = Experience gained in this place as a percentage of experience gained in the entire game.
 F = Experience gained in this place divided by the number of levels of this place that you have seen.
                   A       B       C       D       E      F
               +-------+-------+-------+-------+-------+----------------------
         Total | 100.0 | 100.0 |   N/A | 100.0 | 100.0 | 256.6
       Dungeon | 100.0 | 100.0 |   N/A | 100.0 | 100.0 | 256.6
               +-------+-------+-------+-------+-------+----------------------

Skill      XL: |  1  2  3  4  5  6  7 |
---------------+----------------------+-----
Dodging        | 2 3 |  3.7
Bows           | 4 5 6 |  6.0
Fighting       | 3 4 5 6 |  6.0
Maces & Flails | 1 2 3 |  3.0
Staves         | |  0.5
Stealth        | |  0.8

Action                   |  1- 3 |  4- 6 |  7- 9 || total
-------------------------+-------+-------+-------++-------
Melee: Short sword       |   103 |       |       ||   103
       Tailslap          |     9 |    13 |     8 ||    30
       Whip              |    26 |    85 |       ||   111
       Quarterstaff      |       |    20 |    62 ||    82
 Fire: Shortbow          |     5 |    41 |       ||    46
  Use: Potion            |     1 |       |       ||     1
       Scroll            |       |       |     2 ||     2
 Stab: Sleeping          |     5 |       |     1 ||     6
       Distracted        |       |       |     1 ||     1
  Eat: Chunk             |     3 |     5 |     2 ||    10
       Ration            |       |       |     1 ||     1
Armor: Skin              |    61 |    45 |    21 ||   127
Dodge: Dodged            |    98 |   102 |    43 ||   243

Vanquished Creatures
  Grinder (D:3)
  An ogre (D:4)
  A wyvern zombie (D:4)
  A scorpion (D:3)
  Crazy Yiuf (D:3)
  A centaur skeleton (D:4)
  An orc priest (D:5)
  A bullfrog skeleton (D:4)
  2 iguanas
  Natasha (thrice) (D:3)
  A worker ant (D:4)
  Robin (D:3)
  4 adders (D:3)
  A shadow imp (D:5)
  An ooze (D:3)
  2 adder skeletons (D:4)
  3 worms (D:3)
  4 dart slugs
  6 leopard geckos
  6 orcs
  6 bats
  6 giant cockroaches
  14 goblins
  8 hobgoblins
  6 jackals
  A quokka (D:2)
  A ball python (D:2)
  4 frilled lizards
  5 kobolds
  5 rats
98 creatures vanquished.

Vanquished Creatures (others)
  An ogre (D:4)
1 creature vanquished.

Grand Total: 99 creatures vanquished
